Map: Shrines of Lizul

Players

OpuS

  • Race: Protoss Protoss
  • League: Platinum
  • Spawn Location: 12:00

Sketchaphone

  • Race: Zerg Zerg
  • League: Platinum
  • Spawn Location: 3:00

PeterPing - Winner!

  • Race: Zerg Zerg
  • Spawn Location: 6:00

Gabdiving - Winner!

  • Race: Protoss Protoss
  • League: Silver
  • Spawn Location: 9:00

VOD

Have the link to the VOD?

Description

Time

  • Played on: Feb. 12, 2019, 7:06 p.m.
  • Length: 16:29
Show
View Real Time Build Order
Export as new Build Order

OpuS Protoss 

Build Orders:  

Get SALT Encoding   

  12  0:01  Probe  
  13  0:13  Probe  
  14  0:22  Pylon  
  14  0:25  Probe  
  15  0:42  Gateway  
  15  0:47  Gateway  
  15  0:50  Probe  
  16  1:01  Assimilator  
  16  1:02  Probe  
  17  1:12  Probe  
  18  1:18  Pylon  
  18  1:20  Probe  
  19  1:29  Probe  
  20  1:33  Cybernetics Core  
  20  1:41  Probe  
  20  1:42  Zealot  
  23  1:47  Assimilator  
  23  1:49  Probe  
  23  1:52  Warp Gate  
  24  1:57  Probe  
  25  2:07  Gateway  
  25  2:20  Gateway  
  25  2:25  Pylon  
  25  2:41  Pylon  
  25  2:48  Adept x2  
  29  2:55  Sentry  
  31  3:13  Shield Battery  
  31  3:15  Stalker  
  33  3:41  Zealot, Adept x2  
  39  4:01  Gateway  
  39  4:10  Pylon  
  39  4:12  Sentry x3, Pylon  
  39  4:14  Sentry  
  37  4:39  Zealot x2  
  37  4:40  Zealot x2  
  31  5:03  Adept x3  
  31  5:04  Adept  
  31  5:06  Sentry  
  41  5:26  Zealot  
  41  5:27  Adept x2  
  47  5:29  Stalker  
  49  6:10  Nexus  
  37  6:20  Stalker x2  
  37  6:22  Zealot  
  39  6:38  Zealot  
  39  6:39  Zealot  
  33  6:43  Pylon  
  32  7:02  Sentry x4  
  32  7:03  Sentry  
  42  7:10  Probe  
  43  7:21  Probe  
  43  7:22  Probe  
  45  7:27  Zealot x2  
  49  7:32  Zealot  
  51  7:50  Probe x2  
  53  7:51  Zealot x2  
  50  8:15  Zealot  
  50  8:16  Zealot x2  
  50  8:17  Zealot  
  50  8:19  Probe  
  43  8:30  Zealot  
  43  8:41  Twilight Council  
  43  8:42  Probe x2  
  45  8:57  Twilight Council  
  45  9:01  Probe x2  
  47  9:06  Stalker  
  49  9:10  Stalker  
  49  9:13  Probe x2  
  53  9:18  Dark Shrine  
  53  9:26  Charge  
  53  9:31  Probe  
  54  9:32  Probe  
  53  9:54  Zealot  
  53  9:55  Zealot  
  53  9:56  Zealot x2  
  53  9:57  Zealot  
  53  9:58  Probe  
  36  10:22  Gateway  
  36  10:30  Dark Templar x3  
  36  10:31  Dark Templar x2  
  46  10:44  Probe x2  
  46  10:46  Assimilator  
  46  10:48  Assimilator  
  48  10:56  Probe  
  49  11:06  Dark Templar x2  
  53  11:17  Dark Templar  
  55  11:23  Shadow Stride  
  55  11:48  Nexus  
  55  11:51  Pylon  
  55  11:52  Pylon  
  55  11:59  Stalker x3  
  55  12:00  Stalker x3  
  40  12:27  Dark Templar x2  
  41  12:34  Probe x2  
  43  12:46  Probe x2  
  43  12:49  Pylon  
  45  12:58  Probe  
  45  12:59  Probe  
  45  13:05  Stargate  
  47  13:08  Probe  
  47  13:11  Probe  
  49  13:17  Robotics Facility  
  49  13:19  Probe  
  50  13:30  Probe x2  
  52  13:56  Stalker x5  
  58  14:06  Observer  
  45  14:21  Zealot x4  
  45  14:22  Zealot  
  51  14:28  Observer  
  46  14:34  Probe x3  
  24  14:40  Dark Templar  
  6  15:23  Probe  
  7  15:31  Probe  
  8  15:41  Probe  
Show
View Real Time Build Order
Export as new Build Order

Sketchaphone Zerg 

Build Orders: Pool First 

Get SALT Encoding   

  12  0:01  Drone  
  13  0:12  Overlord  
  13  0:21  Drone  
  14  0:32  Drone x2  
  16  0:40  Drone  
  17  0:48  Spawning Pool  
  16  0:51  Drone  
  17  1:16  Drone  
  17  1:17  Hatchery  
  17  1:28  Drone, Extractor  
  17  1:29  Drone  
  17  1:31  Overlord  
  18  1:41  Drone  
  19  1:48  Roach Warren  
  18  1:55  Zergling x2  
  19  2:01  Drone  
  19  2:04  Queen  
  22  2:11  Overlord  
  24  2:30  Roach x2  
  24  2:36  Roach  
  28  2:41  Roach  
  30  2:54  Roach x2  
  33  3:02  Roach  
  33  3:09  Roach  
  31  3:18  Zergling x4  
  31  3:19  Zergling x2  
  26  3:32  Roach  
  26  3:43  Zergling x10  
  26  3:48  Spine Crawler  
  27  3:49  Spine Crawler  
  27  3:50  Spine Crawler  
  27  3:53  Extractor  
  27  3:54  Drone  
  22  4:04  Drone  
  22  4:05  Drone  
  22  4:09  Drone x2  
  26  4:17  Drone  
  26  4:20  Roach  
  31  4:31  Roach, Queen  
  33  4:43  Roach  
  33  4:46  Roach  
  33  4:48  Drone  
  33  4:50  Zergling x4  
  33  5:03  Roach x2  
  33  5:04  Queen  
  39  5:14  Roach  
  39  5:17  Overlord  
  41  5:26  Drone x2  
  44  5:35  Drone  
  43  5:44  Roach x2  
  43  5:45  Hatchery  
  43  5:48  Ravager  
  39  5:56  Drone x4  
  43  5:58  Drone  
  43  6:21  Roach x4  
  43  6:24  Roach  
  44  6:26  Roach x2  
  44  6:27  Drone  
  44  6:31  Roach  
  51  6:33  Overlord  
  51  6:51  Overlord  
  51  6:52  Evolution Chamber  
  51  6:54  Overlord  
  50  6:56  Overlord  
  50  6:57  Drone x2  
  52  7:04  Lair  
  52  7:07  Drone  
  53  7:13  Roach  
  53  7:14  Roach x2  
  59  7:21  Drone x2  
  61  7:26  Zerg Ground Armor Level 1  
  61  7:30  Roach  
  63  7:48  Roach x3  
  63  7:49  Roach  
  71  7:59  Extractor  
  71  8:01  Roach x2  
  71  8:04  Roach  
  76  8:05  Overlord  
  76  8:07  Roach  
  58  8:23  Roach  
  58  8:24  Roach x2  
  56  8:30  Zergling x18  
  63  8:46  Roach x2  
  63  8:47  Roach x2  
  67  8:51  Drone  
  67  8:54  Zergling x2  
  69  8:56  Overlord  
  69  8:57  Queen  
  69  9:00  Metabolic Boost  
  71  9:19  Drone x2  
  71  9:20  Drone  
  74  9:24  Overlord, Zerg Missile Weapons Level 1  
  74  9:25  Zergling x4  
  74  9:28  Roach x2  
  80  9:34  Drone  
  80  9:35  Drone  
  80  9:36  Overlord, Roach x2  
  86  9:41  Extractor  
  51  10:04  Roach x6  
  51  10:05  Zergling x12  
  67  10:19  Roach x3  
  67  10:22  Roach  
  42  10:36  Roach  
  42  10:37  Roach x2  
  42  10:38  Zergling x4  
  45  10:48  Roach  
  45  10:49  Roach x2  
  28  11:14  Drone x6  
  34  11:28  Drone x2  
  36  11:35  Drone  
  36  11:39  Hatchery  
  34  11:59  Roach x6  
  36  12:08  Roach x2  
  36  12:10  Roach  
  42  12:16  Zergling x2  
  43  12:26  Roach  
  43  12:27  Roach  
  43  12:38  Roach  
  45  12:46  Zergling x8  
  45  12:50  Evolution Chamber  
  48  13:09  Zerg Melee Weapons Level 1  
  48  13:10  Overlord  
  48  13:11  Zergling x2  
  48  13:12  Hatchery  
  48  13:30  Hatchery  
  48  13:33  Glial Reconstitution  
  47  13:34  Drone  
  47  13:35  Drone x3  
  47  13:39  Drone  
  47  13:40  Drone  
  31  14:01  Spine Crawler  
  31  14:02  Roach  
  30  14:03  Roach  
  30  14:18  Spine Crawler  
  29  14:27  Roach  
  29  14:28  Ravager  
  32  14:32  Ravager  
  32  14:36  Roach  
  35  14:41  Roach  
  37  14:49  Roach  
  39  14:53  Roach  
  41  15:18  Ravager  
  41  15:20  Roach  
  41  15:21  Roach x3  
  50  15:22  Zergling x4  
  50  15:23  Zergling x4  
  54  15:32  Roach x2  
  54  15:35  Drone  
  43  16:27  Spine Crawler  
Show
View Real Time Build Order
Export as new Build Order

PeterPing Zerg - Winner!

Build Orders: Hatch First 

Get SALT Encoding   

  12  0:01  Drone  
  13  0:17  Overlord  
  13  0:18  Drone  
  14  0:38  Drone x2  
  14  0:40  Drone  
  17  0:56  Hatchery  
  16  1:02  Drone x2  
  18  1:05  Extractor  
  17  1:22  Spawning Pool  
  17  1:25  Drone  
  17  1:26  Drone  
  18  1:33  Drone  
  19  1:44  Drone  
  20  2:05  Overlord  
  20  2:10  Zergling x4  
  20  2:12  Queen  
  20  2:14  Queen  
  26  2:16  Metabolic Boost  
  26  2:18  Zergling x2  
  26  2:20  Zergling x2  
  28  2:27  Zergling x2  
  29  2:30  Zergling x2  
  30  2:38  Zergling x2  
  30  2:40  Overlord  
  30  3:06  Zergling x6  
  30  3:07  Zergling x2  
  32  3:14  Hatchery  
  29  3:27  Zergling x8  
  31  3:52  Zergling x4  
  31  3:53  Zergling x12  
  31  4:12  Zergling x6  
  31  4:13  Lair  
  34  4:17  Evolution Chamber  
  34  4:18  Drone  
  23  5:03  Zergling x2  
  23  5:04  Zergling x24  
  36  5:09  Zerg Melee Weapons Level 1  
  33  5:49  Zergling x20  
  43  5:50  Zergling x2  
  43  5:56  Queen  
  25  6:29  Zergling x18  
  31  6:41  Drone  
  31  6:45  Drone  
  33  6:56  Zergling x6  
  36  7:08  Overlord x2  
  36  7:18  Drone, Extractor  
  36  7:21  Drone x2  
  36  7:22  Drone  
  36  7:49  Zerg Ground Armor Level 1  
  36  7:52  Drone x3  
  36  7:54  Drone x2  
  41  8:19  Zergling x10  
  45  8:20  Zergling x14  
  44  9:16  Zergling x2  
  48  9:17  Zergling x26  
  48  9:21  Baneling Nest  
  57  9:46  Overlord x3  
  57  9:52  Queen  
  42  10:29  Zergling x2  
  42  10:30  Zergling x32  
  56  10:59  Baneling x2  
  56  11:00  Baneling x18  
  56  11:02  Baneling  
  56  11:04  Drone x3  
  53  11:19  Overseer  
  53  11:28  Drone x2  
  53  11:31  Extractor  
  54  11:42  Zergling x4  
  54  11:43  Zergling x26  
  53  12:25  Zerg Melee Weapons Level 2  
  53  12:27  Drone  
  53  12:28  Drone x2  
  55  12:32  Extractor  
  45  12:39  Overseer  
  45  12:41  Overseer  
  44  12:44  Centrifical Hooks  
  44  12:48  Drone  
  45  12:58  Baneling x6  
  45  12:59  Baneling  
  45  13:00  Baneling  
  45  13:08  Drone x2  
  45  13:09  Drone x3  
  50  13:25  Drone  
  51  13:28  Zergling x2  
  51  13:29  Zergling x22  
  63  13:44  Overseer  
  57  13:59  Hatchery  
  55  14:09  Drone x4  
  52  15:06  Drone x3  
  56  15:07  Drone  
  56  15:12  Drone  
  56  15:13  Queen  
  59  15:37  Zergling x2  
  59  15:38  Zergling x28  
  59  15:40  Overlord x2  
Show
View Real Time Build Order
Export as new Build Order

Gabdiving Protoss - Winner!

Build Orders: Zealot Archon 

Get SALT Encoding   

  12  0:01  Probe  
  13  0:13  Probe  
  14  0:19  Pylon  
  14  0:25  Probe  
  15  0:37  Probe  
  15  0:39  Gateway  
  16  0:51  Gateway  
  16  0:55  Probe  
  17  1:05  Assimilator  
  17  1:07  Probe  
  18  1:19  Probe  
  19  1:27  Cybernetics Core  
  19  1:29  Pylon  
  19  1:31  Probe  
  20  1:39  Assimilator  
  20  1:43  Probe  
  20  1:44  Zealot  
  23  1:50  Zealot  
  25  1:55  Probe  
  25  2:00  Warp Gate  
  26  2:08  Probe  
  27  2:10  Twilight Council  
  27  2:20  Probe  
  28  2:31  Gateway  
  28  2:37  Gateway  
  28  2:39  Charge  
  28  3:05  Pylon  
  26  3:24  Gateway  
  26  3:27  Pylon  
  26  3:29  Gateway  
  26  3:31  Gateway  
  24  3:51  Zealot  
  24  3:52  Zealot x2  
  30  3:56  Zealot  
  32  4:12  Zealot  
  32  4:13  Zealot  
  32  4:15  Probe  
  37  4:22  Zealot  
  39  4:41  Zealot x3  
  31  5:06  Zealot x3  
  31  5:07  Zealot  
  31  5:33  Pylon  
  31  5:39  Pylon  
  31  5:42  Pylon  
  25  5:44  Probe  
  25  5:46  Zealot x2  
  30  5:52  Sentry, Zealot  
  30  5:56  Probe  
  35  5:58  Zealot  
  37  6:04  Zealot  
  39  6:30  Stalker x3  
  45  6:43  Zealot x2  
  49  6:56  Templar Archives  
  49  6:58  Zealot  
  51  7:04  Pylon  
  51  7:11  Sentry  
  51  7:14  Probe  
  54  7:37  Nexus  
  54  7:43  High Templar x2  
  58  7:45  High Templar  
  58  7:47  High Templar  
  58  7:49  Archon  
  62  7:51  Archon  
  62  7:58  Pylon  
  60  8:15  High Templar  
  60  8:16  High Templar, Zealot  
  60  8:17  Zealot  
  56  8:24  Archon  
  56  8:49  High Templar x2  
  56  8:52  Probe  
  61  8:56  Pylon  
  61  8:59  Archon  
  61  9:00  High Templar  
  61  9:01  High Templar  
  61  9:02  Zealot x2  
  69  9:04  Probe  
  69  9:09  Archon  
  70  9:16  Probe  
  71  9:25  Stalker  
  71  9:28  Probe  
  74  9:38  Assimilator  
  74  9:40  Probe  
  74  9:41  Assimilator  
  74  9:43  High Templar  
  74  9:44  High Templar x3  
  83  9:49  Archon  
  77  9:53  Probe  
  77  9:57  Archon  
  72  10:05  Probe  
  72  10:06  Zealot x3  
  79  10:21  High Templar  
  79  10:22  Zealot x2  
  79  10:24  Zealot  
  77  10:50  High Templar, Zealot  
  77  10:51  Zealot  
  77  10:55  Probe  
  56  11:16  Robotics Facility  
  54  11:24  High Templar  
  56  11:27  Probe  
  57  11:35  Probe  
  58  11:44  Probe  
  58  11:45  High Templar, Archon  
  61  11:56  Zealot x2, Probe  
  61  11:57  Zealot  
  68  12:18  High Templar x2, Zealot  
  68  12:21  Zealot  
  76  12:23  Archon  
  58  12:40  Observer  
  58  12:42  Zealot x3  
  58  12:43  Zealot  
  65  12:50  Stalker  
  65  13:02  Observer  
  66  13:11  Zealot x2, High Templar  
  72  13:13  High Templar  
  72  13:16  Zealot x3  
  72  13:18  Archon  
  80  13:23  Observer  
  71  14:01  Zealot x2  
  71  14:02  High Templar x3  
  79  14:16  Archon  
  63  14:29  Zealot x2  
  63  14:30  Stalker, Zealot  
  67  14:50  High Templar x3  
  67  14:51  High Templar  
  75  14:53  Zealot  
  75  14:54  Zealot  
  75  14:58  Archon  
  75  14:59  Archon  
  71  15:26  Stalker, Zealot x2  
  71  15:27  Stalker  
  79  15:37  Nexus  
  69  16:10  Zealot x2  
Tags
 
Add a new tag
Caveats
  • Supply blocks, unpowered buildings, or Contaminate may cause inaccurate times.
  • Supply counts are checked every 10 seconds.